 Dungeon Crawl Stone Soup version 0.29.1-15-g9cfb28693d (webtiles) character file.

Game seed: 13193385618050996436

275 vishdafish the Conjurer (level 6, 5/41 HPs)
             Began as a Demonspawn Conjurer on Mar 29, 2023.
             Quit the game on level 4 of the Dungeon.
             The game lasted 00:03:04 (3608 turns).

vishdafish the Conjurer (Demonspawn Conjurer)       Turns: 3608, Time: 00:03:05

Health: 5/41       AC:  4    Str:  7    XL:     6   Next: 3%
Magic:  6/12       EV: 12    Int: 28    God:
Gold:   171        SH:  0    Dex: 11    Spells: 12/13 levels left

rFire   . . .      SeeInvis .   s - +2 quarterstaff (speed)
rCold   . . .      Faith    .   (shield currently unavailable)
rNeg    . . .      Spirit   .   a - +0 robe
rPois   .          Reflect  .   (no helmet)
rElec   .          Harm     .   (no cloak)
rCorr   .          Rampage  .   (no gloves)
Will    .....                   (no boots)
Stlth   ++........              (no amulet)
HPRegen 0.13/turn               c - +6 ring of intelligence
MPRegen 0.13/turn               (no ring)

@: no status effects
A: thin metallic scales 1, powered by pain 1, weakness stinger 2
a: no special abilities


You were on level 4 of the Dungeon.
You visited 1 branch of the dungeon, and saw 4 of its levels.

You collected 171 gold pieces.

Inventory:

Hand Weapons
 j - a +0 spear
 s - a +2 quarterstaff of speed (weapon)
Missiles
 o - 4 curare-tipped darts
Armour
 a - a +0 robe (worn)
Jewellery
 c - a +6 ring of intelligence (left hand)
 g - a ring of ice
 i - a ring of fire
Scrolls
 h - 5 scrolls of identify {unknown}
 l - a scroll of poison {unknown}
 m - a scroll of enchant armour {unknown}
 p - 3 scrolls of teleportation {unknown}
 q - a scroll of summoning {unknown}
Potions
 b - 2 potions of magic
 d - a potion of cancellation
 e - a potion of curing
 f - a potion of attraction {unknown}
 k - 2 potions of mutation {unknown}
 n - a potion of berserk rage {unknown}
 r - a potion of lignification {unknown}


   Skills:
 - Level 1.8 Dodging
 - Level 1.8 Stealth
 + Level 4.3 Spellcasting
 + Level 5.8 Conjurations


You had 12 spell levels left.
You knew the following spells:

 Your Spells              Type           Power      Damage    Failure   Level
a - Magic Dart            Conj           100%       1d8       1%          1

Your spell library contained the following spells:

 Spells                   Type           Power      Damage    Failure   Level
 Searing Ray              Conj           78%        2d7       1%          2
 Foxfire                  Conj/Fire      88%        2x1d8     2%          1
 Conjure Flame            Conj/Fire      22%        6-21      6%          3
 Dazzling Flash           Conj/Hex       44%        N/A       6%          3
 Apportation              Tloc           12%        N/A       7%          1
 Necrotise                Necr           24%        1d5       7%          1
 Summon Small Mammal      Summ           24%        N/A       7%          1
 Ensorcelled Hibernation  Hex/Ice        12%        N/A       11%         2
 Passwall                 Tmut/Erth      5%         N/A       11%         2
 Inner Flame              Hex/Fire       6%         N/A       22%         3
 Swiftness                Air            6%         N/A       22%         3
 Flame Wave               Conj/Fire      22%        2d8       22%         4
 Fulminant Prism          Conj/Hex       11%        3d9       22%         4
 Iskenderun's Mystic Bla  Conj/Tloc      22%        2d6       22%         4
 Dispersal                Tloc           3%         N/A       100%        6
 Disjunction              Tloc           3%         N/A       100%        8


Dungeon Overview and Level Annotations

Branches:
Dungeon (4/15)
 Temple: D:4-7

Altars:
Hepliaklqana


Innate Abilities, Weirdness & Mutations

You are partially covered in thin metallic scales. (AC +2)
You sometimes gain a little power by taking damage.
You have a tail ending in a sharp stinger.


Message History

Press: ? - help, Q - select action, (/) - cycle Shift-Dir - straight line, f - orc wizard
Aim: an orc wizard, wielding a +0 dagger and wearing a +0 robe (lightly wounded, 100% to hit)
The magic dart hits the orc wizard!
The orc wizard is severely wounded.
The orc wizard hits you with a +0 dagger.
Aiming: Magic Dart (safe; 1% risk of failure)
Press: ? - help, Q - select action, (/) - cycle Shift-Dir - straight line, f/p - orc wizard
Aim: an orc wizard, wielding a +0 dagger and wearing a +0 robe (severely wounded, 100% to hit)
The magic dart hits the orc wizard.
The orc wizard is severely wounded.
The orc wizard points at you and mumbles some strange words.
The magic dart hits you!
* * * LOW HITPOINT WARNING * * *
Aiming: Magic Dart (safe; 1% risk of failure)
Press: ? - help, Q - select action, (/) - cycle Shift-Dir - straight line, f/p - orc wizard
Aim: an orc wizard, wielding a +0 dagger and wearing a +0 robe (severely wounded, 100% to hit)
The magic dart hits the orc wizard.
The orc wizard is almost dead.
The orc wizard points at you and mumbles some strange words.
The magic dart hits you.
* * * LOW HITPOINT WARNING * * *
Aiming: Magic Dart (safe; 1% risk of failure)
Press: ? - help, Q - select action, (/) - cycle Shift-Dir - straight line, f/p - orc wizard
Aim: an orc wizard, wielding a +0 dagger and wearing a +0 robe (almost dead, 100% to hit)
The magic dart hits the orc wizard.
The orc wizard is almost dead.
The orc wizard hits you but does no damage.
Aiming: Magic Dart (safe; 1% risk of failure)
Press: ? - help, Q - select action, (/) - cycle Shift-Dir - straight line, f/p - orc wizard
Aim: an orc wizard, wielding a +0 dagger and wearing a +0 robe (almost dead, 100% to hit)
The magic dart hits the orc wizard.
You kill the orc wizard!
You have reached level 6!
Your demonic ancestry asserts itself...
You feel energised by your suffering.
Aiming: Magic Dart (safe; 1% risk of failure)
Press: ? - help, Q - select action, (/) - cycle Shift-Dir - straight line, f - orc
Aim: an orc, wielding a +0 hand axe and wearing a +0 leather armour (100% to hit)
Okay, then.
Are you sure you want to abandon this character and quit the game? (Confirm with "yes".)

#......†......##.#
#
#.###.#.##.......#
#
#.###.#.##########
# #.##..#.# #
#.##.##.# #
#.......# .
####.###### #
##.##o..#
#..@oo..#
##.##...# #####)##
.# o# .# .# .# .#


You could see 3 orcs.

Vanquished Creatures
  A centaur (D:4)
  A hound (D:4)
  An orc priest (D:4)
  2 orc wizards (D:4)
  3 adders
  A worm (D:3)
  A dart slug (D:1)
  6 orcs (D:4)
  3 bats
  4 endoplasms
  4 giant cockroaches
  5 goblins
  3 jackals (D:3)
  A quokka (D:1)
  4 ball pythons
  A frilled lizard (D:1)
  3 kobolds
  9 rats
53 creatures vanquished.

Vanquished Creatures (others)
  2 plants (D:2)
2 creatures vanquished.

Grand Total: 55 creatures vanquished

Notes
Turn   | Place    | Note
-------+----------+-------------------------------------------
     0 | D:1      | vishdafish the Demonspawn Conjurer began the quest for the
                  | Orb.
     0 | D:1      | Reached XP level 1. HP: 13/13 MP: 3/3
   227 | D:1      | Gained mutation: You have a small tail. [demonic ancestry]
   227 | D:1      | Reached XP level 2. HP: 19/19 MP: 3/5
   408 | D:1      | Found a faded altar of an unknown god.
   408 | D:1      | Noticed a chaos spawn
  1084 | D:2      | Reached XP level 3. HP: 24/24 MP: 0/7
  2467 | D:4      | Gained mutation: You have a tail ending in a sharp stinger.
                  | [demonic ancestry]
  2467 | D:4      | Reached XP level 4. HP: 30/30 MP: 3/8
  2491 | D:4      | Reached skill level 5 in Conjurations
  2957 | D:4      | Noticed a centaur
  2975 | D:4      | Killed a centaur
  2976 | D:4      | Gained mutation: You are partially covered in thin metallic
                  | scales. (AC +2) [demonic ancestry]
  2976 | D:4      | Reached XP level 5. HP: 14/35 MP: 4/10
  3412 | D:4      | Found a hazy altar of Hepliaklqana.
  3608 | D:4      | Gained mutation: You sometimes gain a little power by
                  | taking damage. [demonic ancestry]
  3608 | D:4      | Reached XP level 6. HP: 5/41 MP: 6/12
  3608 | D:4      | Quit the game

Illustrated notes

Levels and vault maps discovered:
D:1:      wander_arrival_fairy_ring, layout_basic,
          dreamdust_ecumenical_altar_sealed_demon, serial_bayou_pond_e,
          minmay_box_of_dots
D:2:      layout_basic, kennysheep_boxes
D:3:      layout_basic
D:4:      layout_loops_cross, nzn_hepliaklqana_mist_gate,
          nicolae_figureground_pulse

Skill      XL: |  1  2  3  4  5 |
---------------+----------------+-----
Spellcasting   | 3 4 |  4.3
Conjurations   | 5 |  5.8
Dodging        | |  1.8
Stealth        | |  1.8

Action                   |  1- 3 |  4- 6 || total
-------------------------+-------+-------++-------
Melee: Spear             |     1 |    17 ||    18
       Tailslap          |       |     6 ||     6
       Quarterstaff      |       |    23 ||    23
 Cast: Magic Dart        |    74 |    30 ||   104
  Use: Potion            |       |     2 ||     2
 Stab: Sleeping          |       |     1 ||     1
Armor: Robe              |     2 |     8 ||    10
Dodge: Dodged            |     4 |    40 ||    44
